 Dungeon Crawl Stone Soup version 0.29-a0-753-gb7bb9d756e (webtiles) character file.

Game seed: 10459706366922097310

464 Ge0ff the Stinger (level 6, -9/32 (35) HPs)
             Began as a Deep Elf Venom Mage on June 30, 2022.
             Mangled by a wight
             ... wielding a +4 battleaxe
              (16 damage)
             ... on level 5 of the Dungeon.
             The game lasted 00:13:11 (6394 turns).

Ge0ff the Stinger (Deep Elf Venom Mage)             Turns: 6394, Time: 00:13:11

HP:   -9/32 (35)    AC:  8    Str:  5    XL:     6   Next: 80%
MP:   12/14         EV: 19    Int: 22    God:
Gold: 53            SH:  0    Dex: 15    Spells: 3/13 levels left

rFire   + + .      SeeInvis .   (weapon currently unavailable)
rCold   + + .      Faith    .   (shield currently unavailable)
rNeg    + + +      Spirit   .   (body armour currently unavailable)
rPois   ∞          Reflect  .   (helmet currently unavailable)
rElec   +          Harm     .   (cloak currently unavailable)
rCorr   +          Rampage  .   (gloves currently unavailable)
Will    .....                   (boots currently unavailable)
Stlth   ++........              (amulet currently unavailable)
HPRegen 0.10/turn               (ring currently unavailable)
MPRegen 0.14/turn               (ring currently unavailable)

@: mighty, wisp-form, flying, drained
A: insubstantial, flying, no casting, tiny
a: no special abilities


You were on level 5 of the Dungeon.
You were an insubstantial wisp.
You visited 1 branch of the dungeon, and saw 5 of its levels.

You collected 218 gold pieces.
You spent 165 gold pieces at shops.

Inventory:

Hand Weapons
 b - a +2 dagger of draining
 D - a +2 vampiric hand axe
 Y - a +2 dagger of holy wrath
Missiles
 G - 3 datura-tipped darts {=F}
 O - 7 poisoned darts
Armour
 E - a +1 robe of willpower (melded)
 H - a +0 cloak (melded)
 S - a +0 buckler
 W - a +0 helmet (melded)
Magical Staves
 a - a staff of air (melded)
Jewellery
 L - a +6 ring of dexterity (melded)
 R - an amulet of faith
 Z - a ring of fire
Wands
 P - a wand of polymorph (1)
Scrolls
 B - a scroll of fear {unknown}
 C - a scroll of magic mapping {unknown}
 F - 2 scrolls of fog
 J - a scroll of blinking {unknown}
 N - a scroll of amnesia
 U - a scroll of poison {unknown}
Potions
 q - 5 potions of curing
 I - a potion of haste {unknown}
 K - 2 potions of magic {!q}
 M - a potion of might
 Q - a potion of heal wounds {unknown}
 T - a potion of ambrosia {unknown}
 V - a potion of degeneration {unknown}
 X - 2 potions of flight


   Skills:
 - Level 2.0 Fighting
 - Level 2.4 Dodging
 - Level 2.4 Stealth
 - Level 4.0 Spellcasting
 - Level 3.0 Conjurations
 - Level 2.0 Transmutations
 - Level 3.0 Air Magic
 - Level 5.0 Poison Magic
 + Level 2.1 Evocations


You had 3 spell levels left.
You knew the following spells:

 Your Spells              Type           Power      Damage    Failure   Level
f - Mephitic Cloud        Conj/Pois/Air  20%        N/A       8%          3
k - Sting                 Tmut/Pois      76%        1d6       2%          1
r - Olgreb's Toxic Radia  Pois           26%        N/A       14%         4
C - Poisonous Vapours     Pois/Air       44%        N/A       3%          2

Your spell library contained the following spells:

 Spells                   Type           Power      Damage    Failure   Level
 Chain Lightning          Conj/Air       8%         3d11      100%        9
 Fire Storm               Conj/Fire      5%         8d2       100%        9
 Shatter                  Erth           2%         3d6*      100%        9


Dungeon Overview and Level Annotations

Branches:
Dungeon (5/15) Zot: 23534
 Temple: D:4-7

Altars:
Fedhas
Okawaru
Qazlal
Ru

Shops:
D:2 [

Annotations:
D:5 exclusion: steam dragon


Message History

Aim: a wight, wielding a +4 battleaxe and wearing a +0 robe (severely damaged, 74% to hit)
The sting hits the wight.
The wight partially resists.
The wight is severely damaged.
The wight barely misses you.
Casting: Sting (safe; 2% risk of failure)
Confirm with . or Enter, or press ? or * to list all spells.
Aiming: Sting (safe; 2% risk of failure)
Press: ? - help, Shift-Dir - straight line, f/p - wight
Aim: a wight, wielding a +4 battleaxe and wearing a +0 robe (severely damaged, 74% to hit)
The sting misses the wight.
The wight barely misses you. The wight attacks as you move away!
The wight barely misses you.
Hit: a) staff of air
Press: ? - help, Dir - move target, f/p - wight
Aim: a wight, wielding a +4 battleaxe and wearing a +0 robe (severely damaged, about 34% to evade your staff of air)
Okay, then.
Aiming: Throw Flame
Press: ? - help, Shift-Dir - straight line, f/p - wight
Aim: a wight, wielding a +4 battleaxe and wearing a +0 robe (severely damaged, 71% to hit)
The puff of flame misses the wight.
The now-empty wand crumbles to dust.
The wight hits you with a +4 battleaxe!
You feel drained.
Casting: Sting (safe; 2% risk of failure)
Confirm with . or Enter, or press ? or * to list all spells.
Aiming: Sting (safe; 2% risk of failure)
Press: ? - help, Shift-Dir - straight line, f/p - wight
Aim: a wight, wielding a +4 battleaxe and wearing a +0 robe (severely damaged, 74% to hit)
The sting hits the wight but does no damage.
The wight is severely damaged.
The wight closely misses you.
It was a potion of might.
You feel very mighty all of a sudden.
M - a potion of might;
G - 3 datura-tipped darts {=F} The wight hits you with a +4 battleaxe!
Ouch! That really hurt!
* * * LOW HITPOINT WARNING * * *
You feel drained.
* * * LOW HITPOINT WARNING * * *
Aiming: Polymorph
Press: ? - help, Shift-Dir - straight line, f - you, p - wight That beam is likely to hit you.
Continue anyway?
You turn into an insubstantial wisp.
Your staff of air melds into your body.
Your +0 cloak melds into your body.
Your +0 helmet melds into your body.
Your +1 robe of willpower melds into your body.
Your +6 ring of dexterity melds into your body.
You feel less strong-willed.
You feel clumsy. The wight misses you. The wight attacks as you move away!
The wight hits you with a +4 battleaxe!
Ouch! That really hurt!
You die...

.#.##...#####
#.# .#.###.##
#.####
.#.#...#
#...z#
.#.#.###
####.# ...#.#
#.# .###.#
#.# .# #.#
#.# .# #)#
##########.#
.# #.#
#.....vzz.[#
.# #)#
#.##########
.###.## #.#
.##...#####.#
....#.).....#
###...#######
##.## ####.#
.....#


You could see 2 wights.

Vanquished Creatures
  An ogre (D:4)
  A phantom (D:5)
  An orc priest (D:5)
  2 hounds (D:4)
  2 orc wizards
  3 gnolls (D:3)
  2 adders
  An ufetubus (D:5)
  2 worms
  9 dart slugs
  11 orcs
  7 endoplasms
  4 giant cockroaches
  5 goblins
  6 hobgoblins
  6 jackals
  2 quokkas
  4 ball pythons
  2 bats
  2 frilled lizards (D:2)
  8 kobolds
  3 rats
84 creatures vanquished.

Vanquished Creatures (others)
  2 plants (D:1)
2 creatures vanquished.

Grand Total: 86 creatures vanquished

Notes
Turn   | Place    | Note
-------+----------+-------------------------------------------
     0 | D:1      | Ge0ff the Deep Elf Venom Mage began the quest for the Orb.
     0 | D:1      | Reached XP level 1. HP: 10/10 MP: 6/6
   200 | D:1      | Found a faded altar of an unknown god.
   205 | D:1      | Reached skill level 1 in Fighting
   290 | D:1      | Reached XP level 2. HP: 16/16 MP: 4/8
   297 | D:1      | Learned a level 2 spell: Poisonous Vapours
   790 | D:2      | Reached skill level 1 in Air Magic
   978 | D:2      | Found Gesoc's Armour Shop.
  1005 | D:2      | Reached XP level 3. HP: 19/20 MP: 1/9
  1091 | D:2      | Learned a level 3 spell: Mephitic Cloud
  2231 | D:3      | Reached XP level 4. HP: 9/25 MP: 1/10
  2711 | D:3      | Found a stormy altar of Qazlal.
  3855 | D:4      | Found a sacrificial altar of Ru.
  3869 | D:4      | Reached skill level 4 in Poison Magic
  4019 | D:4      | Noticed an ogre
  4020 | D:4      | Reached skill level 1 in Conjurations
  4028 | D:4      | Reached XP level 5. HP: 20/29 MP: 2/11
  4660 | D:2      | Bought a +1 robe of willpower for 165 gold pieces
  4971 | D:4      | Killed an ogre
  5270 | D:4      | Reached XP level 6. HP: 26/35 MP: 0/14
  5508 | D:5      | Entered Level 5 of the Dungeon
  5630 | D:5      | Reached skill level 1 in Evocations
  5798 | D:5      | Found an iron altar of Okawaru.
  5805 | D:5      | Found a blossoming altar of Fedhas.
  5895 | D:5      | Noticed a steam dragon
  6122 | D:5      | Learned a level 4 spell: Olgreb's Toxic Radiance
  6295 | D:5      | Reached skill level 5 in Poison Magic
  6394 | D:5      | Mangled by a wight

Illustrated notes

Levels and vault maps discovered:
D:1:      saegor_arrival_miasma, layout_rooms,
          shapermc_ecumenical_altar_acropolis
D:2:      layout_rooms, serial_shops, shop
D:3:      layout_loops_corners, mainiacjoe_overflow_brackets, serial_rivers,
          chequers_serial_rivers_room_a, chequers_serial_rivers_small_a,
          chequers_serial_rivers_large_b, chequers_serial_rivers_micro_a,
          chequers_serial_rivers_micro_c, minmay_misc_feat_diagonals
D:4:      kennysheep_slugbush, layout_loops_ring, nicolae_overflow_crystal_walls
D:5:      layout_loops_ring, lemuel_coloured_pillars_altar,
          amethyst_overflow_temple_binary

Skill      XL: |  1  2  3  4  5  6 |
---------------+-------------------+-----
Fighting       | 1 2 |  2.0
Air Magic      | 1 2 3 |  3.0
Transmutations | 2 |  2.0
Poison Magic   | 4 5 |  5.0
Conjurations   | 1 3 |  3.0
Spellcasting   | 4 |  4.0
Evocations     | 2 |  2.1
Dodging        | |  2.4
Stealth        | |  2.4

Action                   |  1- 3 |  4- 6 || total
-------------------------+-------+-------++-------
Melee: Unarmed           |     1 |       ||     1
       Hand axe          |     3 |       ||     3
       Staff             |     2 |     6 ||     8
 Cast: Sting             |    56 |    56 ||   112
       Poisonous Vapours |    34 |    58 ||    92
Evoke: Wand              |       |    15 ||    15
  Use: Scroll            |     3 |     2 ||     5
       Potion            |       |     1 ||     1
Armor: Robe              |     6 |    11 ||    17
Dodge: Dodged            |    13 |    47 ||    60

Table legend: (Time is in decaauts)
 A = Elapsed time spent in this place.
 B = Non-inter-level travel time spent in this place.
 C = Inter-level travel time spent in this place.
 D = Time resting spent in this place.
 E = Time spent auto-exploring this place.
 F = Levels seen in this place.
 G = Mean time per level.
                   A        B        C        D        E       F      G
               +--------+--------+--------+--------+--------+-----+--------+
         Total |   6465 |   6205 |    260 |    213 |   5161 |   5 | 1293.0 |
       Dungeon |   6465 |   6205 |    260 |    213 |   5161 |   5 | 1293.0 |
               +--------+--------+--------+--------+--------+-----+--------+

Top non-repeatable levels by time:
     D:4: 1818 daAuts
     D:3: 1591 daAuts
     D:2: 1557 daAuts
     D:5: 803 daAuts
     D:1: 695 daAuts
